 Dungeon Crawl Stone Soup version 0.32-a0-42-ga30500b4d3 (webtiles) character file.

Game seed: 9291442771550486014

68 Atlas the Digger (level 4, 0/31 HPs)
             Began as a Demonspawn Earth Elementalist on Jan 31, 2024.
             Succumbed to an adder's poison
             ... on level 2 of the Dungeon.
             The game lasted 00:02:05 (1646 turns).

Atlas the Digger (Demonspawn Earth Elementalist)    Turns: 1646, Time: 00:02:06

Health: 0/31       AC:  2    Str:  8    XL:     4   Next: 1%
Magic:  8/8        EV: 12    Int: 18    God:
Gold:   48         SH:  0    Dex: 13    Spells: 4/8 levels left

rFire   . . .        (no weapon)
rCold   . . .        (no shield)
rNeg    . . .        a - +0 robe
rPois   .            (no helmet)
rElec   .            (no cloak)
rCorr   .            (no gloves)
SInv    .            (no boots)
Will    .....        (no amulet)
Stlth   ++           c - ring of flight
HPRegen 0.25/turn    (no ring)
MPRegen 0.11/turn

%: no passive effects
@: lethally poisoned (0 -> -9), flying
A: demonic guardian 1, ignite blood 1
a: no special abilities


You were on level 2 of the Dungeon.
You visited 1 branch of the dungeon, and saw 2 of its levels.

You collected 48 gold pieces.

Inventory:

Armour
 a - a +0 robe (worn)
Jewellery
 c - a ring of flight (left hand)
Scrolls
 d - a scroll of fear {unknown}
 f - 2 scrolls of torment {unknown}
 i - a scroll of teleportation {unknown}
Potions
 b - a potion of magic
 e - a potion of haste {unknown}
 g - a potion of mutation {unknown}
 h - a potion of lignification {unknown}


   Skills:
 + Level 0.6 Fighting
 + Level 2.3 Dodging
 - Level 2.0 Stealth
 + Level 0.5 Unarmed Combat
 + Level 2.7 Spellcasting
 + Level 1.0 Conjurations
 + Level 3.3 Earth Magic


You had 4 spell levels left.
You knew the following spells:

 Your Spells              Type           Power      Damage    Failure   Level
a - Sandblast             Erth           28%        2d8       4%          1
b - Passwall              Erth           14%        N/A       13%         3

Your spell library contained the following spells:

 Spells                   Type           Power      Damage    Failure   Level
 Stone Arrow              Conj/Erth      20%        3d8       21%         3
 Brom's Barrelling Bould  Conj/Erth      10%        2d3       56%         4
 Petrify                  Alch/Erth      8%         N/A       63%         4


Dungeon Overview and Level Annotations

Branches:
Dungeon (2/15)

Altars:

Shops:
D:1 *


Innate Abilities, Weirdness & Mutations

A weak demonic guardian rushes to your aid.
Your demonic aura sometimes causes spilled blood to erupt in flames.


Message History

The kobold misses you. The adder bites you but does no damage.
The frilled lizard closely misses you. The kobold hits you with a +0 dagger.
The adder completely misses you. The adder misses you.
The frilled lizard closely misses you. The kobold misses you.
The adder barely misses you. The frilled lizard misses you.
The kobold barely misses you. The adder closely misses you.
The frilled lizard bites you. The kobold hits you but does no damage.
The adder closely misses you. The adder misses you.
The frilled lizard barely misses you. The kobold hits you with a +0 dagger.
The adder barely misses you. The frilled lizard closely misses you.
The kobold hits you but does no damage. The adder bites you.
You are poisoned.
The adder poisons you! The frilled lizard closely misses you.
The kobold misses you. The adder bites you.
You are more poisoned.
The adder poisons you!
You feel very sick. The frilled lizard closely misses you.
The kobold hits you with a +0 dagger. The adder closely misses you.
You feel sick. The adder misses you.
The frilled lizard bites you but does no damage.
The kobold hits you with a +0 dagger.
You feel sick. The adder bites you.
* * * LOW HITPOINT WARNING * * *
The frilled lizard closely misses you. The kobold hits you with a +0 dagger.
* * * LOW HITPOINT WARNING * * *
The adder bites you but does no damage.
* * * LOW HITPOINT WARNING * * *
You feel sick. The frilled lizard misses you. The kobold misses you.
The adder bites you but does no damage.
You feel sick. The adder bites you.
* * * LOW HITPOINT WARNING * * *
A demonic guardian appears!
You are more poisoned.
The adder poisons you! The frilled lizard misses you.
The kobold hits you but does no damage.
You die...

##.#..##K#?.#
.##..#.##.)#.##..
## ...##....##....#
. .##..#.##..# #
.##.#..##.#..##.#.
##....##....##....#
#..##.#..##.#..##.#
#S##..#.##..#.##..
#@K..##....##....#
#..#l##..#.##..#
#..##5#..## #..#
####...##.#
#.###### ######.#
#.......
#.###.######
#.....# #######


You could see an adder, a kobold, a frilled lizard (ally target) and a friendly
white imp (summoned).

Vanquished Creatures
  Jessica (D:2)
  A dart slug (D:1)
  2 endoplasms (D:1)
  3 giant cockroaches (D:1)
  3 hobgoblins (D:1)
  10 jackals (D:1)
  4 ball pythons (D:1)
  2 bats (D:1)
  9 frilled lizards (D:1)
  2 goblins (D:1)
  A rat (D:1)
38 creatures vanquished.

Notes
Turn   | Place    | Note
-------+----------+-------------------------------------------
     0 | D:1      | Atlas the Demonspawn Earth Elementalist began the quest for
                  | the Orb.
     0 | D:1      | Reached XP level 1. HP: 13/13 MP: 3/3
   216 | D:1      | Gained mutation: Your demonic aura sometimes causes spilled
                  | blood to erupt in flames. [demonic ancestry]
   216 | D:1      | Reached XP level 2. HP: 16/19 MP: 1/5
   382 | D:1      | Reached skill level 3 in Earth Magic
   849 | D:1      | Reached XP level 3. HP: 13/25 MP: 1/6
   862 | D:1      | Learned a level 3 spell: Passwall
  1029 | D:1      | Found Tubiomno's Assorted Antiques.
  1564 | D:2      | Noticed Jessica
  1568 | D:2      | Killed Jessica
  1569 | D:2      | Gained mutation: A weak demonic guardian rushes to your
                  | aid. [demonic ancestry]
  1569 | D:2      | Reached XP level 4. HP: 27/31 MP: 2/8
  1645 | D:2      | HP: 1/31 [adder (3)]
  1646 | D:2      | Succumbed to an adder's poison

Illustrated notes

Levels and vault maps discovered:
D:1:      saegor_arrival_simple_a, layout_basic, serial_shops, shop,
          minmay_lizard_pond
D:2:      layout_loops_ring, nicolae_eternal_life,
          chequers_serial_rivers_micro_a, minmay_rat_hole, uniq_jessica,
          uniq_crazy_yiuf_cottage, uniq_sigmund

Skill      XL: |  1  2  3 |
---------------+----------+-----
Dodging        | 2 |  2.3
Earth Magic    | 3 |  3.3
Stealth        | 2 |  2.0
Fighting       | |  0.6
Unarmed Combat | |  0.5
Spellcasting   | |  2.7
Conjurations   | |  1.0

Action                     |  1- 3 |  4- 6 || total
---------------------------+-------+-------++-------
  Melee: Unarmed           |    65 |       ||    65
   Cast: Sandblast         |    49 |       ||    49
 Armour: Robe              |    61 |    23 ||    84
  Dodge: Dodged            |    87 |    31 ||   118

Table legend: (Time is in decaauts)
 A = Elapsed time spent in this place.
 B = Non-inter-level travel time spent in this place.
 C = Inter-level travel time spent in this place.
 D = Time resting spent in this place.
 E = Time spent auto-exploring this place.
 F = Levels seen in this place.
 G = Mean time per level.
                   A        B        C        D        E       F      G
               +--------+--------+--------+--------+--------+-----+--------+
         Total |   1669 |   1661 |      8 |      0 |   1290 |   2 |  834.5 |
       Dungeon |   1669 |   1661 |      8 |      0 |   1290 |   2 |  834.5 |
               +--------+--------+--------+--------+--------+-----+--------+

Top non-repeatable levels by time:
     D:1: 1586 daAuts
     D:2: 83 daAuts
